 Dungeon Crawl Stone Soup version 0.27-a0-899-ge2d0b17 (webtiles) character file.

Game seed: 17073120018146450270

12581 GeorgeSoros the Fighter (level 11, -1/86 HPs)
             Began as a Djinni Conjurer on Apr 5, 2021.
             Was a Priest of Makhleb.
             Slain by a five-headed hydra (7 damage)
             ... on level 2 of the Lair of Beasts.
             The game lasted 00:54:30 (13166 turns).

GeorgeSoros the Fighter (Djinni Conjurer)          Turns: 13166, Time: 00:54:32

Health: -1/86      AC:  5    Str:  8    XL:     11   Next: 95%
Gold:   722        EV: 14    Int: 28    God:    Makhleb [***...] SH:  0 Dex: 11

rFire    + + .     SeeInvis .   u - +6 triple sword (flame)
rCold    x . .     Faith    .   (shield currently unavailable)
rNeg     + . .     Spirit   .   x - +1 troll leather armour
rPois    ∞         Reflect  .   (no helmet)
rElec    .         Harm     .   s - scarf {repulsion}
rCorr    .         Rampage  .   (no gloves)
Will     +....                  (boots unavailable)
Stlth    +.........             (no amulet)
HPRegen  1.24/turn              t - ring of positive energy
MPRegen  0.00/turn              g - +6 ring of intelligence

@: flying, very slightly contaminated, repel missiles
A: fire resistance 2, cold vulnerability 1, float, innate caster, hp casting,
extra vitality 1
a: Renounce Religion, Minor Destruction, Lesser Servant of Makhleb


You were on level 2 of the Lair of Beasts.
You worshipped Makhleb.
Makhleb was most pleased with you.
You visited 3 branches of the dungeon, and saw 12 of its levels.
You also visited: Sewer, Bailey and Volcano.

You collected 1272 gold pieces.
You spent 550 gold pieces at shops.

Inventory:

Hand Weapons
 c - a +1 spear
 p - a +2 dagger of speed
 u - a +6 triple sword of flaming (weapon)
Missiles
 h - 2 curare-tipped darts
 r - 7 boomerangs of dispersal
Armour
 n - a +2 robe of fire resistance
 s - a scarf of repulsion (worn)
 x - a +1 troll leather armour (worn)
 E - a +0 cloak of fire resistance
Jewellery
 g - a +6 ring of intelligence (right hand)
 l - a ring of see invisible
 t - a ring of positive energy (left hand)
 w - a ring of positive energy
Wands
 f - a wand of flame (27)
 y - a wand of acid (13)
 D - a wand of random effects (10)
Scrolls
 a - 4 scrolls of teleportation
 j - a scroll of summoning
 k - a scroll of holy word
 v - a scroll of immolation
 B - a scroll of fear
 C - a scroll of identify
 I - a scroll of fog {unknown}
 J - a scroll of magic mapping
Potions
 b - 8 potions of mutation
 d - a potion of invisibility
 e - a potion of ambrosia {unknown}
 i - 6 potions of curing
 m - a potion of cancellation {unknown}
 o - a potion of attraction {unknown}
 q - 3 potions of resistance {unknown}
 z - 3 potions of heal wounds
 A - 3 potions of lignification {unknown}
 F - 2 potions of berserk rage {unknown}
 G - 2 potions of brilliance {unknown}
 H - a potion of degeneration {unknown}


   Skills:
 + Level 10.6 Fighting
 + Level 9.7 Long Blades
 - Level 3.0 Armour
 + Level 9.2 Dodging
 - Level 1.5 Stealth
 - Level 7.0 Spellcasting
 + Level 0.8 Invocations


You couldn't memorise any spells.
You knew the following spells:

 Your Spells              Type           Power      Damage    Failure   Level
a - Magic Dart            Conj           100%       1d8       1%          1
b - Searing Ray           Conj           98%        3d7       1%          2
c - Dazzling Flash        Conj/Hex       98%        N/A       1%          3
d - Fulminant Prism       Conj/Hex       24%        3d13      4%          4
e - Iskenderun's Mystic   Conj/Tloc      49%        2d11      4%          4
f - Freeze                Ice            100%       1d11      1%          1
g - Slow                  Hex            49%        N/A       1%          2
h - Call Imp              Summ           49%        N/A       1%          2
i - Hailstorm             Conj/Ice       49%        3d11      4%          4
j - Manifold Assault      Tloc           49%        N/A       12%         5
Your spell library was empty.

Dungeon Overview and Level Annotations

Branches:
Dungeon (9/15)             Temple (1/1) D:7            Lair (2/6) D:9
    Orc (0/2) D:9           Sewer (visited)          Bailey (visited)
Volcano (visited)
  Swamp: Lair:2-4    Shoals: Lair:2-4     Snake: Lair:2-4    Spider: Lair:2-4

Altars:
Cheibriados
Elyvilon
Fedhas
Makhleb
Nemelex Xobeh
Okawaru
Sif Muna
Trog
Uskayaw
Vehumet
Wu Jian
Zin

Shops:
D:1 (   D:3 **?:

Annotations:
D:7 exclusion: door
D:8 2 transporters, Caerwyn's ghost, novice KoHu


Innate Abilities, Weirdness & Mutations

You are immune to poison.
Your flesh is very heat resistant. (rF++)
You are vulnerable to cold. (rC-)
You float through the air rather than walking.
You learn spells naturally, not from books.
Your magical power is your life essence.
You have superior vitality. (+4 HP)


Message History

Casting: Iskenderun's Mystic Blast (dangerous; 4% risk of failure)
Confirm with . or Enter, or press ? or * to list all spells.
Casting: Hailstorm (dangerous; 4% risk of failure)
Press: ? - help, Dir - look around, f - activate A cannonade of hail descends around you!
The hail pelts the bullfrog!!
You kill the bullfrog!
Makhleb accepts your kill.
You feel better.
Casting: Hailstorm (dangerous; 4% risk of failure)
Confirm with . or Enter, or press ? or * to list all spells.
Aiming: Slow (safe; 1% risk of failure)
Press: ? - help, Shift-Dir - straight line, f - six-headed hydra
Aim: a six-headed hydra (chance to affect: 49%)
The six-headed hydra seems to slow down.
Casting: Slow (safe; 1% risk of failure)
Confirm with . or Enter, or press ? or * to list all spells.
Casting: Hailstorm (dangerous; 4% risk of failure)
Press: ? - help, Dir - look around, f - activate You miscast Hailstorm.
Nothing appears to happen.
You chop one of the six-headed hydra's heads off!
The flame cauterises the wound!
You slash the five-headed hydra! You burn the five-headed hydra.
The five-headed hydra is moderately wounded.
The five-headed hydra bites you. The five-headed hydra bites you! x2
The five-headed hydra bites you. The five-headed hydra bites you!
* * * LOW HITPOINT WARNING * * *
Casting: Hailstorm (dangerous; 4% risk of failure)
Confirm with . or Enter, or press ? or * to list all spells.
You erupt in a blast of force!
The mystic blast hits the five-headed hydra.
The five-headed hydra is moderately wounded.
* * * LOW HITPOINT WARNING * * *
The five-headed hydra bites you!
* * * LOW HITPOINT WARNING * * *
The five-headed hydra closely misses you.
The five-headed hydra bites you.
* * * LOW HITPOINT WARNING * * *
The five-headed hydra bites you!
You die...

# ## ## ##
#.##.####!##.##
.............
#........./.
#.†.........
#...@D......
##.....†....
#......##...
.####......# .
.........###
#.####^.## ###
##.## #.###
#..# ....#
#.### .


You could see a five-headed hydra (slow).

Vanquished Creatures
  A sun demon (Volcano)
  An orc knight (Bailey)
  An ugly thing (Volcano)
  An orc sorcerer (Volcano)
  A black mamba (Lair:2)
  A cane toad (Lair:1)
  A kobold demonologist (D:9)
  5 red devils (Volcano)
  A troll (D:7)
  A tyrant leech (Lair:1)
  A polar bear (Lair:1)
  Grinder (D:6)
  2 wyverns (D:9)
  18 yaks
  2 wargs (D:9)
  3 swamp worms (Lair:1)
  5 water moccasins
  3 ice beasts
  2 orc warriors
  4 black bears
  2 sky beasts
  A necrophage (D:4)
  4 wolves (Lair:1)
  2 ogres
  3 centaurs
  A phantom (D:4)
  5 kobold brigands
  5 bullfrogs
  A wyvern zombie (D:4)
  A water moccasin zombie (D:5)
  2 scorpions
  A water moccasin skeleton (D:6)
  6 killer bees (D:8)
  2 howler monkeys (D:9)
  2 bullfrog zombies (D:6)
  A centaur zombie (D:7)
  2 centaur skeletons
  3 orc priests
  An iguana (D:5)
  6 orc wizards
  A killer bee zombie (D:7)
  A howler monkey zombie (D:8)
  17 gnolls
  4 adders
  3 river rats
  A shadow imp (D:7)
  A white imp (D:8)
  An ufetubus (D:4)
  5 worms
  3 dart slugs
  22 orcs
  9 bats
  7 endoplasms
  5 giant cockroaches
  24 hobgoblins
  7 jackals
  32 kobolds
  6 quokkas
  6 ball pythons
  4 frilled lizards
  18 goblins
  8 rats
291 creatures vanquished.

Vanquished Creatures (collateral kills)
  A centaur (D:7)
1 creature vanquished.

Vanquished Creatures (others)
  17 fulminant prisms
  3 fungi (Lair:2)
  10 plants
30 creatures vanquished.

Grand Total: 322 creatures vanquished

Notes
Turn   | Place    | Note
-------+----------+-------------------------------------------
     0 | D:1      | GeorgeSoros the Djinni Conjurer began the quest for the
                  | Orb.
     0 | D:1      | Reached XP level 1. HP: 15/15 MP: 0/0
   269 | D:1      | Found Hopnozynn's Weapon Boutique.
   277 | D:1      | Reached skill level 1 in Fighting
   277 | D:1      | Reached XP level 2. HP: 14/22 MP: 0/0
   615 | D:1      | Reached XP level 3. HP: 20/27 MP: 0/0
   615 | D:1      | Learned a level 1 spell: Freeze
  1892 | D:2      | Found a faded altar of an unknown god.
  2141 | D:2      | Reached XP level 4. HP: 24/32 MP: 0/0
  2358 | D:2      | Reached skill level 1 in Long Blades
  2514 | D:2      | Reached skill level 1 in Armour
  2579 | D:2      | Reached skill level 2 in Fighting
  3080 | D:3      | Found Sevob's Book Shoppe.
  3346 | D:3      | Found Usiadoaz's General Store.
  3391 | D:3      | Reached XP level 5. HP: 37/38 MP: 0/0
  3391 | D:3      | Learned a level 2 spell: Slow
  3493 | D:3      | Found Omileaxa's Assorted Antiques.
  3655 | D:3      | Found Ivudd's Magic Scroll Emporium.
  3732 | D:3      | Noticed a water moccasin
  3757 | D:3      | Killed a water moccasin
  3758 | D:3      | Reached XP level 6. HP: 36/45 MP: 0/0
  4074 | D:4      | Found a glowing drain.
  4269 | Sewer    | Entered a sewer
  4441 | Sewer    | Reached skill level 3 in Fighting
  4557 | Sewer    | Found a white marble altar of Elyvilon.
  4708 | D:4      | Reached XP level 7. HP: 42/50 MP: 0/0
  4708 | D:4      | Learned a level 2 spell: Call Imp
  5778 | D:4      | Reached skill level 5 in Spellcasting
  6031 | D:5      | Entered Level 5 of the Dungeon
  6100 | D:5      | Reached skill level 4 in Fighting
  6339 | D:5      | Reached XP level 8. HP: 50/58 MP: 0/0
  7386 | D:1      | Bought a +2 vorpal triple sword for 270 gold pieces
  7545 | D:6      | Reached skill level 5 in Fighting
  8292 | D:6      | Noticed Grinder
  8318 | D:6      | Killed Grinder
  8319 | D:6      | Reached skill level 5 in Long Blades
  8319 | D:6      | Reached XP level 9. HP: 44/66 MP: 0/0
  8319 | D:6      | Learned a level 4 spell: Hailstorm
  8642 | D:7      | Reached skill level 6 in Fighting
  8846 | D:7      | Noticed a troll
  8879 | D:7      | Killed a troll
  9242 | D:7      | Found a white marble altar of Elyvilon.
  9295 | D:7      | Found a staircase to the Ecumenical Temple.
  9304 | Temple   | Entered the Ecumenical Temple
  9325 | Temple   | Became a worshipper of Makhleb the Destroyer
  9358 | D:7      | Reached skill level 7 in Fighting
  9834 | D:8      | Reached XP level 10. HP: 75/75 MP: 0/0
  9863 | D:8      | Found a transporter.
  9864 | D:8      | Noticed Caerwyn's ghost (novice KoHu)
  9867 | D:8      | Identified the +2 scale mail of Hoarui {rElec rPois Dex-2
                  | Slay-5}
  9883 | D:8      | Found a transporter.
 10267 | D:8      | Reached * piety under Makhleb
 10412 | D:9      | Reached skill level 8 in Fighting
 10443 | D:9      | Found a staircase to the Orcish Mines.
 10469 | D:9      | Reached skill level 5 in Dodging
 10479 | D:9      | Found a flagged portal.
 10497 | Bailey   | Entered a bailey
 10657 | Bailey   | Noticed an orc knight
 10661 | Bailey   | Reached ** piety under Makhleb
 10671 | Bailey   | HP: 2/76 [orc knight/+0 dire flail (30)]
 10674 | Bailey   | Killed an orc knight
 10921 | D:9      | Found a hide-covered altar of Uskayaw.
 10934 | D:9      | Identified a scroll of acquirement
 10934 | D:9      | Acquired 558 gold pieces
 11126 | D:3      | Bought a scroll of identify for 22 gold pieces
 11126 | D:3      | Bought a scroll of fear for 38 gold pieces
 11126 | D:3      | Bought a scroll of brand weapon for 220 gold pieces
 11415 | D:9      | Found a staircase to the Lair.
 11848 | D:9      | Noticed a kobold demonologist
 11855 | D:9      | Killed a kobold demonologist
 12161 | Lair:1   | Entered Level 1 of the Lair of Beasts
 12201 | Lair:1   | Reached skill level 9 in Fighting
 12237 | Lair:1   | Noticed a cane toad
 12243 | Lair:1   | Killed a cane toad
 12337 | Lair:1   | Found a dark tunnel.
 12342 | Volcano  | Entered a volcano
 12408 | Volcano  | Reached XP level 11. HP: 84/84 MP: 0/0
 12408 | Volcano  | Learned a level 5 spell: Manifold Assault
 12428 | Volcano  | Noticed a sun demon
 12436 | Volcano  | Killed a sun demon
 12459 | Volcano  | Noticed a red ugly thing
 12469 | Volcano  | Killed a red ugly thing
 12513 | Volcano  | Noticed an orc sorcerer
 12517 | Volcano  | Killed an orc sorcerer
 12601 | Lair:1   | Reached *** piety under Makhleb
 12610 | Lair:1   | Reached skill level 10 in Fighting
 13157 | Lair:2   | Noticed a six-headed hydra
 13166 | Lair:2   | Slain by a five-headed hydra

Illustrated notes

Levels and vault maps discovered:
D:1:      evilmike_arrival_plus, layout_basic, serial_shops,
          nicolae_shop_statue_plus
D:2:      layout_basic, basic_ecumenical_altar, minmay_joined_circles
D:3:      layout_basic, serial_shops, shop, shop_fountains, shop,
          nicolae_shop_crystal
D:4:      layout_basic, cheibrodos_sewer_entry_sluice, kennysheep_flooded_box,
          hangedman_abyss_or_decor_passed
D:5:      layout_basic
D:6:      layout_cave_pods, general_overflow_altar, uniq_grinder
D:7:      layout_gridville, kennysheep_mini_moat,
          minmay_temple_entry_antechambers
D:8:      layout_gridville, gammafunk_ghost_stat_death
D:9:      layout_grid_maze, lemuel_doored_altar, erik_lair_orcish_takeover,
          enter_bailey_3, minmay_strange_pillars
Temple:   compressed_dpeg_circular_temple
Lair:1:   layout_hall_layers, enter_volcano_4, st_stairs_3, worms_lemuel
Lair:2:   layout_small_grid, skrybe_swamp_entry_bodies,
          infiniplex_staircase_pool_2

Skill      XL: |  1  2  3  4  5  6  7  8  9 10 11 |
---------------+----------------------------------+-----
Fighting       | 1 2 3 4 5 7 9 10 | 10.6
Dodging        | 3 4 7 9 |  9.2
Spellcasting   | 4 5 6 7 |  7.0
Long Blades    | 1 2 3 5 6 8 9 |  9.7
Armour         | 1 2 3 |  3.0
Stealth        | |  1.5
Invocations    | |  0.8

Action                   |  1- 3 |  4- 6 |  7- 9 | 10-12 || total
-------------------------+-------+-------+-------+-------++-------
Melee: Spear             |     7 |     2 |       |       ||     9
       Triple sword      |       |       |    41 |    76 ||   117
 Cast: Magic Dart        |    82 |   116 |   137 |   103 ||   438
       Searing Ray       |     1 |    13 |    19 |     4 ||    37
       Slow              |       |     2 |    10 |     5 ||    17
       Fulminant Prism   |       |       |    12 |     5 ||    17
       Iskenderun's Myst |       |       |     7 |    40 ||    47
       Hailstorm         |       |       |     1 |    54 ||    55
       Call Imp          |       |       |     1 |       ||     1
Evoke: Wand              |       |       |       |     1 ||     1
  Use: Scroll            |     1 |    10 |     8 |     7 ||    26
       Potion            |       |       |       |     1 ||     1
Armor: Robe              |     7 |     6 |     7 |       ||    20
       Leather armour    |       |       |     1 |       ||     1
       Troll leather arm |       |       |    12 |    20 ||    32
Dodge: Dodged            |    16 |    18 |    62 |    94 ||   190
       Repelled          |       |       |       |     4 ||     4
       Rpst.: Triple sword |       |       |    13 |    20 ||    33

Table legend: (Time is in decaauts)
 A = Elapsed time spent in this place.
 B = Non-inter-level travel time spent in this place.
 C = Inter-level travel time spent in this place.
 D = Time resting spent in this place.
 E = Time spent auto-exploring this place.
 F = Levels seen in this place.
 G = Mean time per level.
                   A        B        C        D        E       F      G
               +--------+--------+--------+--------+--------+-----+--------+
         Total |  13248 |  11990 |   1258 |    470 |   9496 |  15 |  883.2 |
       Dungeon |  11514 |  10339 |   1175 |    463 |   8388 |   9 | 1279.3 |
        Temple |     41 |     22 |     19 |      0 |     17 |   1 |   41.0 |
          Lair |    780 |    716 |     64 |      0 |    481 |   2 |  390.0 |
         Sewer |    321 |    321 |      0 |      0 |    255 |   1 |  321.0 |
        Bailey |    356 |    356 |      0 |      7 |    207 |   1 |  356.0 |
       Volcano |    232 |    232 |      0 |      0 |    148 |   1 |  232.0 |
               +--------+--------+--------+--------+--------+-----+--------+

Top non-repeatable levels by time:
     D:4: 1860 daAuts
     D:1: 1857 daAuts
     D:2: 1518 daAuts
     D:6: 1206 daAuts
     D:5: 1181 daAuts
     D:7: 1142 daAuts
     D:9: 1106 daAuts
     D:3: 902 daAuts
     D:8: 738 daAuts
  Lair:1: 682 daAuts
  Bailey: 356 daAuts
   Sewer: 321 daAuts
 Volcano: 232 daAuts
  Lair:2: 98 daAuts
  Temple: 41 daAuts
